 Seeded DCSS version 0.30.1-3-gfc49f6343a (webtiles) character file.

Game seed: 4330188523251229928 (custom seed)

234 CInkIbrahim the Poker (level 6, 0/47 HPs)
             Began as a Formicid Fighter on July 22, 2023.
             Succumbed to an adder's poison
             ... on level 5 of the Dungeon.
             The game lasted 00:01:55 (2949 turns).

CInkIbrahim the Poker (Formicid Fighter)            Turns: 2949, Time: 00:01:56

Health: 0/47       AC:  4    Str: 23    XL:     6   Next: 26%
Magic:  6/6        EV: 11    Int:  7    God:
Gold:   140        SH: 10    Dex: 13    Spells: 5/5 levels left

rFire   + . .        a - +0 trident
rCold   . . .        c - +0 buckler
rNeg    . . .        o - +1 robe {rF+}
rPois   .            (helmet unavailable)
rElec   .            e - +0 cloak
rCorr   .            (no gloves)
SInv    +            (no boots)
Will    .....        g - amulet of reflection
Stlth   +            (no ring)
HPRegen 0.27/turn    (no ring)
MPRegen 0.10/turn

%: reflection
@: lethally poisoned (0 -> -9)
A: permanent stasis, dig shafts and tunnels, antennae 3, four strong arms
a: Dig, Shaft Self


You were on level 5 of the Dungeon.
You visited 1 branch of the dungeon, and saw 5 of its levels.

You collected 140 gold pieces.

Inventory:

Hand Weapons
 a - a +0 trident (weapon)
Missiles
 l - 3 poisoned darts
Armour
 b - a +0 scale mail
 c - a +0 buckler (worn)
 e - a +0 cloak (worn)
 k - a scarf of repulsion
 o - a +1 robe of fire resistance (worn)
Jewellery
 g - an amulet of reflection (around neck)
 r - an amulet of guardian spirit
Scrolls
 f - 2 scrolls of identify {unknown}
 m - 3 scrolls of teleportation {unknown}
 p - a scroll of enchant armour {unknown}
 q - a scroll of immolation {unknown}
Potions
 h - 2 potions of flight {unknown}
 i - 3 potions of haste {unknown}
 j - a potion of curing {unknown}
 n - 3 potions of attraction {unknown}
 s - a potion of heal wounds {unknown}


   Skills:
 - Level 3.2 Fighting
 + Level 6.1 Polearms
 - Level 3.2 Armour
 - Level 4.0 Shields


You had 5 spell levels left.
You didn't know any spells.
Your spell library contained the following spells:

 Spells                   Type           Power      Damage    Failure   Level
 Lesser Beckoning         Tloc           0%         N/A       63%         2
 Gell's Gravitas          Tloc           0%         N/A       86%         3
 Teleport Other           Tloc           0%         N/A       86%         3


Dungeon Overview and Level Annotations

Branches:
Dungeon (5/15)
 Temple: D:4-7

Altars:
Cheibriados
Wu Jian


Innate Abilities, Weirdness & Mutations

You cannot be hasted, slowed, berserked, paralysed or teleported.
You can dig through walls and to a lower floor.
You have a pair of large antennae on your head. (SInv)
Your four strong arms can wield two-handed weapons with a shield.


Message History

The hound barely misses you. The gnoll hits you with a +0 club.
The gnoll barely misses you.
You miss the hound. The adder bites you but does no damage.
The hound bites you but does no damage. The gnoll hits you with a +0 club.
The adder closely misses you.
The gnoll hits you from afar with a +0 spear.
* * * LOW HITPOINT WARNING * * *
The hound barely misses you.
You are too injured to fight recklessly!
You are too injured to fight recklessly!
The adder hisses angrily.
The adder barely misses you. The adder attacks as you move away!
The adder closely misses you. The hound closely misses you.
The adder closely misses you. The hound attacks as you move away!
The hound barely misses you. You block the hound's attack.
There is a stone staircase leading down here.
The adder barely misses you. The hound closely misses you.
The gnoll barely misses you.
You climb downwards.
There is a stone staircase leading up here.
You closely miss the adder. The hound bites you.
* * * LOW HITPOINT WARNING * * *
The adder bites you.
* * * LOW HITPOINT WARNING * * *
You are poisoned.
The adder poisons you! The hound bites you.
* * * LOW HITPOINT WARNING * * *
You block the adder's attack.
You hit the adder.
The adder is moderately wounded.
* * * LOW HITPOINT WARNING * * *
You feel sick. You block the hound's attack. The adder bites you.
* * * LOW HITPOINT WARNING * * *
You are more poisoned.
The adder poisons you!
You miss the adder.
The adder is moderately wounded.
You die...

#########
#.....h@#
#.#####S#
#.# #.#
#.. ###


You could see a hound and an adder.

Vanquished Creatures
  An iguana (D:4)
  An orc wizard (D:4)
  6 gnolls
  An adder (D:3)
  6 worms
  3 dart slugs
  4 orcs (D:4)
  7 ball pythons
  8 bats
  7 endoplasms
  3 giant cockroaches
  5 goblins
  10 hobgoblins
  7 jackals (D:1)
  6 kobolds
  4 quokkas
  3 frilled lizards
  5 rats
87 creatures vanquished.

Notes
Turn   | Place    | Note
-------+----------+-------------------------------------------
     0 | D:1      | CInkIbrahim the Formicid Fighter began the quest for the
                  | Orb.
     0 | D:1      | Reached XP level 1. HP: 18/18 MP: 1/1
    83 | D:1      | Reached XP level 2. HP: 24/24 MP: 2/2
   104 | D:1      | Reached skill level 3 in Polearms
   324 | D:1      | Reached XP level 3. HP: 27/29 MP: 3/3
   657 | D:1      | Reached skill level 4 in Polearms
   657 | D:1      | Reached XP level 4. HP: 23/35 MP: 4/4
  2386 | D:3      | Reached XP level 5. HP: 38/41 MP: 5/5
  2461 | D:3      | Found a snail-covered altar of Cheibriados.
  2478 | D:3      | Found an ornate altar of the Wu Jian Council.
  2532 | D:3      | Reached skill level 5 in Polearms
  2836 | D:4      | Reached XP level 6. HP: 31/47 MP: 6/6
  2934 | D:4      | Reached skill level 6 in Polearms
  2946 | D:5      | Entered Level 5 of the Dungeon
  2948 | D:5      | HP: 2/47 [adder (1)]
  2949 | D:5      | Succumbed to an adder's poison

Illustrated notes

Levels and vault maps discovered:
D:1:      minmay_arrival_stone_box, layout_loops_corners, nicolae_grassy_gnolls
D:2:      layout_basic, minmay_misc_feat_diagonals, kennysheep_big_empty_room
D:3:      layout_loops_ring, kennysheep_slug_shrine, nzn_wu_jian_council_hall
D:4:      layout_rooms, chequers_temple_overflow_statue_of_worship
D:5:      layout_loops_ring, minmay_temple_entry_poolview,
          hellmonk_ghost_happy_afterlife, minmay_misc_feat_ornament,
          st_stairs_1, kennysheep_nub

Skill      XL: |  1  2  3  4  5  6 |
---------------+-------------------+-----
Polearms       | 3 4 5 6 |  6.1
Fighting       | |  3.2
Armour         | |  3.2
Shields        | |  4.0

Action                     |  1- 3 |  4- 6 || total
---------------------------+-------+-------++-------
  Melee: Trident           |   102 |   183 ||   285
    Use: Potion            |       |     1 ||     1
   Stab: Sleeping          |       |     3 ||     3
 Armour: Scale mail        |    40 |    18 ||    58
         Robe              |       |    13 ||    13
  Dodge: Dodged            |    34 |    53 ||    87
  Block: Buckler           |    36 |    77 ||   113
